 Dungeon Crawl Stone Soup version 0.24.0-29-g8ce449bc06 (webtiles) character file.

Game seed: 10428738094759901285, levelgen mode: deterministic

15 Esekla the Grave Robber (level 2, 0/20 HPs)
             Began as a Demonspawn Wanderer on Nov 16, 2019.
             Slain by a rat (2 damage)
             ... on level 1 of the Dungeon.
             The game lasted 00:02:31 (425 turns).

Esekla the Grave Robber (Demonspawn Wanderer)        Turns: 425, Time: 00:02:31

Health: 0/20       AC:  2    Str: 14    XL:     2   Next: 34%
Magic:  2/2        EV: 11    Int: 12    God:
Gold:   8          SH:  0    Dex: 11    Spells: 1/1 levels left

rFire    . . .     SeeInvis .   f - +0 dagger
rCold    . . .     Gourm    .   (no shield)
rNeg     . . .     Faith    .   d - +0 robe
rPois    .         Spirit   .   (no helmet)
rElec    .         Reflect  .   (no cloak)
rCorr    +         Harm     .   (no gloves)
MR       .....                  (no boots)
Stlth    ++........             (no amulet)
HPRegen  0.06/turn              h - ring of resist corrosion
MPRegen  0.08/turn              (no ring)

@: no status effects
A: rot immunity
a: no special abilities


You were on level 1 of the Dungeon.
You were not hungry.

You visited 1 branch of the dungeon, and saw 1 of its levels.

You collected 8 gold pieces.

Inventory:

Hand Weapons
 a - a +0 club
 f - a +0 dagger (weapon)
Armour
 d - a +0 robe (worn)
Jewellery
 h - a ring of resist corrosion (left hand)
Potions
 b - a potion of ambrosia {unknown}
 c - a potion of curing
 e - a potion of flight {unknown}
Comestibles
 g - a ration


   Skills:
 + Level 0.3 Fighting
 + Level 1.0 Short Blades
 + Level 0.2 Dodging
 + Level 3.3 Stealth
 * Level 0.1 Spellcasting
   Level 5.4 Necromancy
   Level 1.0 Evocations


You had one spell level left.
You didn't know any spells.
Your spell library contained the following spells:

 Spells                   Type           Power        Failure   Level  Hunger
 Animate Skeleton         Necr           N/A          3%          1    ##.....
 Pain                     Necr           ##..         3%          1    ##.....
 Sting                    Conj/Pois      #...         32%         1    ##.....
 Vampiric Draining        Necr           ##........   11%         3    ####...
 Regeneration             Chrm/Necr      #.........   32%         3    ####...
 Animate Dead             Necr           N/A          34%         4    #####..
 Mephitic Cloud           Conj/Pois/Air  #.......     69%         3    ####...


Dungeon Overview and Level Annotations

Branches:
Dungeon (1/15)

Altars:


Innate Abilities, Weirdness & Mutations

You are immune to rotting.


Message History

You puncture the rat!
You kill the rat!
The ball python hisses angrily.
A rat comes into view.
You see here a rat corpse.
Found 9 gold pieces.
You see here a dagger.
The leopard gecko bites you.
You closely miss the leopard gecko. The leopard gecko bites you.
You hit the ball python.
You kill the ball python!
You barely miss the leopard gecko. The leopard gecko misses you.
You barely miss the leopard gecko. The leopard gecko bites you.
* * * LOW HITPOINT WARNING * * *
The leopard gecko barely misses you.
You completely miss the leopard gecko. The leopard gecko bites you.
* * * LOW HITPOINT WARNING * * *
You miss the leopard gecko. The leopard gecko closely misses you.
The rat bites you.
You die...

...#........######.#
#..................
#.................
########..##.............
...S.......†.............
######.####..........#..
#†.#.....#.......# .
.#####l##.#........##...
#........@...#.......#...
###.....r..............##
#......##.#......(...#
.......................
............#...........
.......................
.$..................$..
.....................


You could see a leopard gecko and a rat.

Vanquished Creatures
  2 dart slugs (D:1)
  2 goblins (D:1)
  A hobgoblin (D:1)
  A ball python (D:1)
  2 bats (D:1)
  2 frilled lizards (D:1)
  3 rats (D:1)
13 creatures vanquished.

Vanquished Creatures (others)
  5 toadstools (D:1)
5 creatures vanquished.

Grand Total: 18 creatures vanquished

Notes
Turn   | Place    | Note
-------+----------+-------------------------------------------
     0 | D:1      | Esekla the Demonspawn Wanderer began the quest for the Orb.
     0 | D:1      | Esekla set off with the following items: a +0 club, a
                  | potion of curing, a +0 robe, a +0 dagger, a ration; and the
                  | following spells available to memorise: Animate Skeleton,
                  | Pain, Vampiric Draining, Sting, Regeneration, Animate Dead,
                  | Mephitic Cloud
     0 | D:1      | Reached XP level 1. HP: 13/13 MP: 1/1
   388 | D:1      | Gained mutation: You are immune to rotting. [demonic
                  | ancestry]
   388 | D:1      | Reached XP level 2. HP: 16/19 MP: 2/2
   425 | D:1      | Slain by a rat

Levels and vault maps discovered:
D:1:      ldierk_walled_garden, layout_rooms, chequers_serial_rivers_small_3

Skill      XL: |  1 |
---------------+----+-----
Stealth        | 3 |  3.3
Fighting       | |  0.3
Short Blades   | |  1.0
Dodging        | |  0.2
Spellcasting   | |  0.1
Necromancy     | |  5.4
Evocations     | |  1.0

Action                   || total
-------------------------++-------
Melee: Dagger            ||    68
 Stab: Sleeping          ||     1
Armor: Robe              ||    13
Dodge: Dodged            ||    39
